 Dungeon Crawl Stone Soup version 0.17-a0-1719-g1afd5a1 (webtiles) character file.

157 kae the Insei (level 5, -7/40 HPs)
             Began as a Draconian Transmuter on Aug 28, 2015.
             Killed by divine providence
             ... invoked by an orc priest
              (15 damage)
             ... on level 3 of the Dungeon.
             The game lasted 00:02:27 (2500 turns).

kae the Insei (Draconian Transmuter)                Turns: 2500, Time: 00:02:27

Health: -7/40      AC:  5    Str: 12    XL:     5   Next: 15%
Magic:  8/8        EV: 11    Int: 14    God:
Gold:   49         SH:  5    Dex: 12    Spells: 1 memorised, 7 levels left

rFire  . . .     SeeInvis .       - Unarmed
rCold  . . .     Clarity  .     (armour unavailable)
rNeg   . . .     SustAt   .     e - +2 buckler
rPois  .         Gourm    .     (helmet restricted)
rElec  .         Spirit   .     (no cloak)
rCorr  .         Warding  .     (no gloves)
rMut   .         Stasis   .     (no boots)
MR     .....                    (no amulet)
Stlth  +.........               (no ring)
                                (no ring)

@: not resistant to hostile enchantments, very unstealthy
A: unfitting armour, cold-blooded, AC +5
a: no special abilities


You were on level 3 of the Dungeon.
You were not hungry.

You visited 1 branch of the dungeon, and saw 3 of its levels.

You collected 49 gold pieces.

Inventory:

Missiles
 a - 12 arrows
 k - 21 arrows of dispersal
Armour
 e - a +2 buckler (worn)
Jewellery
 j - an uncursed ring of protection from cold {unknown}
Scrolls
 g - 3 scrolls of recharging {unknown}
 i - a scroll of random uselessness {unknown}
 l - a scroll of noise {unknown}
 n - 2 scrolls of teleportation {unknown}
Potions
 f - a potion of ambrosia {unknown}
 m - a potion of curing
 o - a potion of invisibility {unknown}
 q - a potion of berserk rage {unknown}
 r - a potion of magic {unknown}
Books
 b - a book of Changes

   Spells                             Type                      Level
   a - Beastly Appendage              Transmutation                1
   b - Sticks to Snakes               Transmutation                2
   c - Spider Form                    Transmutation/Poison         3
   d - Ice Form                       Ice/Transmutation            4
   e - Blade Hands                    Transmutation                5
Comestibles
 c - a bread ration
 d - 2 meat rations
 h - 2 slices of pizza
 p - a chunk of flesh


   Skills:
 - Level 1.1 Fighting
 - Level 1.7 Dodging
 + Level 5.9 Unarmed Combat
 - Level 2.0 Spellcasting
 - Level 2.0 Transmutations


You had 7 spell levels left.
You knew the following spells:

 Your Spells              Type           Power        Failure   Level  Hunger
a - Beastly Appendage     Trmt           #.....       17%         1    ##.....


Dungeon Overview and Level Annotations

Branches:
Dungeon (3/15)

Altars:
Nemelex Xobeh


Innate Abilities, Weirdness & Mutations

Your plain brown scales are hard (AC +5).
Your body does not fit into most forms of armour.
You are cold-blooded and may be slowed by cold attacks.


Message History

You hit the rat.
You kill the rat!
The orc priest hits you but does no damage.
You hit the orc priest.
The orc priest is moderately wounded.
You hit the orc but do no damage. The orc hits you with a flail!
You hit the orc.
The orc is severely wounded.
You block the orc's attack.
Unknown command.
Unknown command.
The orc priest invokes the aid of Beogh against you.
Something smites you!
* * * LOW HITPOINT WARNING * * *
There is an open door here.
Drink which item? (? for menu, Esc to quit)
Okay, then.
The orc priest mumbles some strange prayers to Beogh against you.
Something smites you!
You die...

#...oo.# #...........
##'###### #...........
#..o....# #...........
#.......#####...........
#....o.....##...........
#.....o....##.).........
#..........##...........
##+#....o..##...).......
#.....@.##..)........
######......†........
#.###(..........
#.#<............
#.###.########## #.....#
#######


You could see an orc priest and 3 orcs.

Vanquished Creatures
  Crazy Yiuf (D:2)
  Ijyb (D:2)
  Robin (D:2)
  A gnoll (D:1)
  2 adders (D:2)
  A worm (D:2)
  A giant gecko (D:1)
  An orc (D:3)
  9 bats
  4 hobgoblins (D:2)
  A giant newt (D:2)
  14 goblins
  15 jackals
  2 kobolds
  5 rats
59 creatures vanquished.

Notes
Turn   | Place    | Note
--------------------------------------------------------------
     0 | D:1      | kae the Draconian Transmuter began the quest for the Orb.
     0 | D:1      | Reached XP level 1. HP: 16/16 MP: 3/3
    91 | D:1      | Reached XP level 2. HP: 10/23 MP: 5/5
   334 | D:1      | Reached skill level 4 in Unarmed Combat
   397 | D:1      | Found a sparkling altar of Nemelex Xobeh.
   761 | D:2      | Reached XP level 3. HP: 26/28 MP: 6/6
   921 | D:2      | Noticed Crazy Yiuf
   978 | D:2      | Killed Crazy Yiuf
  1327 | D:2      | Noticed Ijyb
  1376 | D:2      | Killed Ijyb
  1376 | D:2      | Reached skill level 5 in Unarmed Combat
  1376 | D:2      | Reached XP level 4. HP: 26/35 MP: 5/7
  1640 | D:2      | Noticed Robin
  1671 | D:2      | Killed Robin
  1911 | D:2      | Reached XP level 5. HP: 37/40 MP: 8/8
  2500 | D:3      | Killed from afar by an orc priest

Vault maps used:
D:1:      onia_arrival_pyramid, nemelex_xobeh_ov_fountains_minmay
D:2:      uniq_iyjb, uniq_robin, uniq_crazy_yiuf_cottage

Action                   |  1- 3 |  4- 6 || total
-------------------------+-------+-------++-------
Melee: Unarmed           |   141 |   132 ||   273
 Cast: Beastly Appendage |    10 |     5 ||    15
  Use: Potion            |     1 |       ||     1
  Eat: Chunk             |     1 |     5 ||     6
